AoeStats
← Delacoal

Arena

510277717Analyzed
2v2 RM · 6h ago on Sep 30, 2026· 44m 43s· 4 players
Game mode
Random Map
Map size
Medium (4 player)
Population
200
Speed
Normal
Resources
Standard
Victory
Conquest
Starting age
Dark Age
Ending age
Imperial Age
RankedLock teamsTeams togetherTeam positionsShared explorationLock speedFull tech treeHidden civsTurbo modeCheats
Victory
Defeat
🇪🇸 Turks · Spain
734
+19
🇬🇧 Bohemians · United Kingdom
682
+21
🇫🇷 Chinese · France
827
-21
🇫🇷 Lithuanians · France
772
-19
Delacoal
12:06 Feudal Age
12:57 Horse Collar
13:04 Double-Bit Axe
16:56 Castle Age
17:34 Scale Barding Armor
22:16 Husbandry
21:39 Light Cavalry
22:47 Bow Saw
25:51 Loom
26:10 Heavy Plow
30:57 Fletching
36:40 Wagenburg Tactics
39:09 Imperial Age
37:22 Wheelbarrow
36:21 Pikeman
40:45 Hussite Reforms
40:01 Elite Hussite Wagon
41:03 Conscription
41:46 Ballistics
42:31 Chemistry
43:13 Ballistics
43:55 Bombard Tower
budisimion
11:14 Feudal Age
18:19 Castle Age
16:30 Double-Bit Axe
21:12 Town Watch
21:20 Fletching
30:27 Imperial Age
Fiascololo_-
0:46 Loom
10:29 Feudal Age
11:52 Wheelbarrow
11:04 Double-Bit Axe
16:52 Castle Age
18:13 Hand Cart
18:10 Bow Saw
20:26 Ballistics
24:17 Murder Holes
25:04 Fletching
25:15 Padded Archer Armor
25:38 Forging
25:29 Scale Mail Armor
26:55 Horse Collar
28:02 Town Watch
28:27 Heavy Plow
28:32 Fletching
28:32 Crossbowman
29:57 Thumb Ring
38:19 Imperial Age
36:21 Bodkin Arrow
36:26 Padded Archer Armor
36:57 Squires
38:02 Iron Casting
37:43 Chain Mail Armor
38:48 Arbalester
39:30 Bracer
39:46 Leather Archer Armor
40:47 Two-Man Saw
42:34 Town Patrol
43:46 Chemistry
44:07 Scale Barding Armor
45:03 Blast Furnace
Henri-vivir
7:28 Loom
11:38 Feudal Age
12:40 Double-Bit Axe
13:23 Horse Collar
15:52 Wheelbarrow
19:32 Castle Age
20:24 Scale Barding Armor
20:30 Forging
22:22 Bow Saw
24:51 Arson
25:25 Hand Cart
25:31 Hand Cart
25:35 Husbandry
25:47 Bloodlines
25:07 Pikeman
25:47 Squires
25:19 Pikeman
26:00 Squires
26:04 Gold Mining
27:17 Heavy Plow
31:10 Iron Casting
34:13 Imperial Age
32:30 Chain Barding Armor
32:17 Scale Mail Armor
34:08 Chain Mail Armor
35:40 Cavalier
Connection lost

Rejoining the realm…

Still unreachable

The connection could not be restored.

Session expired

The server has moved on; the page needs a fresh start.